[Event "Czech Youth U12 Boys 2024"]
[Site "Kouty nad Desnou"]
[Date "2024.03.11"]
[Round "4.7"]
[White "Sochor, Antonin"]
[Black "Sochor, Vaclav"]
[Result "0-1"]
[ECO "A40"]
[WhiteElo "1779"]
[BlackElo "1826"]
[Annotator "NA RC"]
[PlyCount "56"]
[EventDate "2024.03.10"]
[EventType "swiss"]
[EventCountry "CZE"]
[SourceTitle "playchess.com"]
[Source "ChessBase"]
[SourceQuality "1"]
[TimeControl "40/5400+30:1800+30"]

1. d4 g6 2. Nf3 Bg7 3. e4 d6 4. c4 a6 5. Nc3 Nd7 6. Be3 b6 7. Bd3 Bb7 8. Qd2 e6 9. O-O-O Ndf6 10. h3 Qe7 11. Rhe1 O-O-O 12. Qc2 c5 13. Qb3 Qc7 14. Na4 Nd7 15. Ng5 cxd4 16. Nxf7 dxe3 17. Bf1 exf2 18. Re2 {[%emt 0:00:17] [#]} Ngf6 $19 19. Nxd6+ Kb8 20. e5 Nxe5 21. c5 Nfd7 22. Rc2 b5 23. Bxb5 axb5 24. Nxb5 Qc6 25. Nd4 Qd5 26. Qb4 Nd3+ 27. Kb1 Nxb4 28. c6 Nxc6 0-1

[Event "Czech Youth U12 Boys 2024"]
[Site "Kouty nad Desnou"]
[Date "2024.03.11"]
[Round "4.8"]
[White "Fadrny, Jachym"]
[Black "Sotek, Matej"]
[Result "0-1"]
[ECO "B01"]
[WhiteElo "1729"]
[BlackElo "1716"]
[Annotator "NA RC"]
[PlyCount "106"]
[EventDate "2024.03.10"]
[EventType "swiss"]
[EventCountry "CZE"]
[SourceTitle "playchess.com"]
[Source "ChessBase"]
[SourceQuality "1"]
[TimeControl "40/5400+30:1800+30"]

1. e4 d5 2. exd5 Nf6 3. Bb5+ Bd7 4. Bc4 c6 5. dxc6 Bxc6 6. Nf3 e6 7. d4 Bd6 8. Bd3 Nbd7 9. O-O Qc7 10. Nbd2 O-O 11. b3 e5 12. Re1 exd4 13. Bb2 Ne5 14. Nxe5 Bxe5 15. h3 Rad8 16. Nc4 Bd6 17. Nxd6 Qxd6 18. a4 Qd5 19. f3 Rfe8 20. Qd2 Re6 21. Rxe6 fxe6 22. Rd1 b5 23. axb5 Bxb5 24. Bxb5 Qxb5 25. Qe1 Qb6 26. Kh1 Kf7 27. Qe2 Nh5 28. Qe5 Rd5 29. Qe1 Qd6 30. Qf2 Ng3+ 31. Kg1 Nf5 32. Rd3 Qc5 33. Bc1 Qa5 34. g4 Qa1 35. Qf1 Ne7 36. f4 Qa5 37. Bb2 Qc5 38. Qf2 Nc6 39. Qd2 e5 40. fxe5 Nxe5 41. Qf2+ Kg8 42. Rxd4 Rxd4 43. Bxd4 Qxd4 44. Qxd4 Nf3+ 45. Kf2 Nxd4 46. Ke3 Nxc2+ 47. Kd3 Nb4+ 48. Kc4 Na2 49. Kb5 Nc1 50. b4 Nd3 51. h4 Kf7 52. Ka5 Nxb4 53. Kxb4 Ke6 0-1

[Event "Czech Youth U12 Boys 2024"]
[Site "Kouty nad Desnou"]
[Date "2024.03.11"]
[Round "4.9"]
[White "Sudrich, Radek"]
[Black "Novotny, Adam"]
[Result "1-0"]
[ECO "C45"]
[WhiteElo "1998"]
[BlackElo "2072"]
[Annotator "RC"]
[PlyCount "59"]
[EventDate "2024.03.10"]
[EventType "swiss"]
[EventCountry "CZE"]
[SourceTitle "playchess.com"]
[Source "ChessBase"]
[SourceQuality "1"]
[TimeControl "40/5400+30:1800+30"]

1. e4 e5 2. Nf3 Nc6 3. d4 exd4 4. Nxd4 Bc5 5. Nb3 Bb6 6. Nc3 Nf6 7. Qe2 d6 8. f3 O-O 9. Be3 Be6 10. O-O-O a5 11. Bxb6 cxb6 12. Nd4 Nxd4 13. Rxd4 Qe7 14. Qd2 Rfd8 15. g4 a4 16. a3 Ne8 17. h4 Qf6 18. Be2 Qe7 19. g5 g6 20. f4 Bd7 21. Bf3 Bc6 22. Qh2 Ng7 23. h5 Ne6 24. Rb4 Nc5 25. hxg6 fxg6 26. Bg2 Rf8 27. Bf1 Bd7 28. Nd5 Qg7 29. Nf6+ Kf7 30. Qxh7 1-0

[Event "Czech Youth U12 Boys 2024"]
[Site "Kouty nad Desnou"]
[Date "2024.03.11"]
[Round "4.10"]
[White "Havlik, David"]
[Black "Gresek, Oskar"]
[Result "1-0"]
[ECO "B01"]
[WhiteElo "1580"]
[BlackElo "1629"]
[Annotator "NA RC"]
[PlyCount "49"]
[EventDate "2024.03.10"]
[EventType "swiss"]
[EventCountry "CZE"]
[SourceTitle "playchess.com"]
[Source "ChessBase"]
[SourceQuality "1"]
[TimeControl "40/5400+30:1800+30"]

1. e4 d5 2. exd5 Nf6 3. d4 Nxd5 4. c4 Nf6 5. Nf3 Bg4 6. Be2 c6 7. Be3 e6 8. Nc3 Be7 9. h3 Bf5 10. g4 Bg6 11. Nh4 Nxg4 12. hxg4 Bxh4 13. Qb3 b6 14. O-O-O O-O 15. Bd3 Bf6 16. Bxg6 fxg6 17. c5 b5 18. Qxe6+ Kh8 19. Ne4 Qd5 20. Rxh7+ Kxh7 21. Rh1+ Qh5 22. gxh5 g5 23. Bxg5 Bxg5+ 24. Nxg5+ Kh8 25. h6 1-0

[Event "Czech Youth U12 Boys 2024"]
[Site "Kouty nad Desnou"]
[Date "2024.03.11"]
[Round "4.11"]
[White "Malek, Daniel"]
[Black "Zvolanek, Vojtech"]
[Result "1-0"]
[ECO "C54"]
[WhiteElo "2278"]
[BlackElo "1411"]
[Annotator "RC"]
[PlyCount "66"]
[EventDate "2024.03.10"]
[EventType "swiss"]
[EventCountry "CZE"]
[SourceTitle "playchess.com"]
[Source "ChessBase"]
[SourceQuality "1"]
[TimeControl "40/5400+30:1800+30"]

1. e4 e5 2. Nf3 Nc6 3. Bc4 Bc5 4. c3 Nf6 5. d4 exd4 6. cxd4 Bb4+ 7. Bd2 Bxd2+ 8. Nbxd2 d5 9. exd5 Nxd5 10. O-O O-O 11. Qc2 Bg4 12. Qe4 Nf6 13. Qf4 Qd7 14. h3 Be6 15. Bxe6 fxe6 16. Nb3 b6 17. Rac1 Nd5 18. Qe4 Rae8 19. Ng5 Rf5 20. Nxh7 Rh5 21. Nf6+ Nxf6 22. Qxc6 Qxc6 23. Rxc6 Nd5 24. Re1 e5 25. f3 Re7 26. a3 a5 27. dxe5 Rhxe5 28. Rxe5 Rxe5 29. Nd4 Re1+ 30. Kf2 Rb1 31. Rc2 c5 32. Nf5 Nf4 33. Ke3 Kf8 1-0

[Event "Czech Youth U12 Boys 2024"]
[Site "Kouty nad Desnou"]
[Date "2024.03.11"]
[Round "4.12"]
[White "Hanzel, Martin"]
[Black "Broz, Pavel"]
[Result "1-0"]
[ECO "C55"]
[WhiteElo "1474"]
[BlackElo "1911"]
[Annotator "RC"]
[PlyCount "59"]
[EventDate "2024.03.10"]
[EventType "swiss"]
[EventCountry "CZE"]
[SourceTitle "playchess.com"]
[Source "ChessBase"]
[SourceQuality "1"]
[TimeControl "40/5400+30:1800+30"]

1. e4 e5 2. Nf3 Nc6 3. d4 exd4 4. Bc4 Nf6 5. e5 Ne4 6. c3 dxc3 7. Qd5 Qe7 8. Qxe4 c2 9. Na3 d6 10. Bf4 f5 11. Qe3 dxe5 12. Nxe5 Nxe5 13. Bxe5 Be6 14. Bxe6 Qxe6 15. Nxc2 O-O-O 16. O-O b6 17. Nd4 Qd5 18. Nxf5 Re8 19. Rfe1 Bc5 20. Qh3 Kb8 21. Bxg7 Qd2 22. Ne3 Rhg8 23. Bc3 Qd3 24. Qf5 Qxf5 25. Nxf5 Ref8 26. Nd4 Rf7 27. Re2 h5 28. Rae1 Rg4 29. Nc6+ Kc8 30. Ne5 1-0

[Event "Czech Youth U12 Boys 2024"]
[Site "Kouty nad Desnou"]
[Date "2024.03.12"]
[Round "5.1"]
[White "Honcharov, Makar"]
[Black "Policar, Martin"]
[Result "1-0"]
[ECO "B40"]
[WhiteElo "1872"]
[BlackElo "1758"]
[Annotator "NA RC"]
[PlyCount "61"]
[EventDate "2024.03.10"]
[EventType "swiss"]
[EventCountry "CZE"]
[SourceTitle "playchess.com"]
[Source "ChessBase"]
[SourceQuality "1"]
[TimeControl "40/5400+30:1800+30"]

1. e4 c5 2. Nf3 e6 3. b4 cxb4 4. a3 bxa3 5. d4 d5 6. e5 Bd7 {[%emt 0:02:37] C00: French: Unusual White 2nd moves.} 7. Nxa3 Qb6 ({Better is} 7... Nc6 $11) 8. Bd3 Nc6 9. c3 f6 (9... Na5 $11) 10. O-O g6 (10... a6 $16 {was necessary.}) 11. Nb5 (11. c4 $18) 11... Nxe5 $2 12. dxe5 Bxb5 {[%emt 0:00:45] [#]} 13. Qb3 $1 Ba6 14. Qa4+ Kd8 (14... Kf7 $142 15. Rb1 Qc7) 15. Rb1 Qc7 16. Bxa6 bxa6 17. Qxa6 Rb8 18. Rxb8+ Qxb8 19. Qxe6 Qb7 20. Rd1 Be7 21. c4 Qb3 22. Rxd5+ Ke8 23. c5 $18 (23. exf6 $142 Qb6 24. Qd7+ (24. f7+ Kf8 25. fxg8=Q+ Rxg8 26. Bh6+ Rg7 27. Bxg7+ Kxg7 28. Qxe7+ Kg8 29. Ne1 Qb8 30. Rd7 Qxh2+ 31. Kxh2 Kh8 32. Qxh7#) 24... Kf7 25. fxe7 Nxe7 26. Ne5+ Kf6 27. Rd6+ Qxd6 28. Qxd6+ Kf5 29. g4+ Ke4 30. f3#) 23... Qc2 24. Qd7+ Kf8 25. Be3 fxe5 26. c6 Kf7 27. c7 Nh6 28. Ng5+ Kg7 29. Qxe7+ Nf7 30. Ne6+ Kg8 31. Qf8# 1-0

[Event "Czech Youth U12 Boys 2024"]
[Site "Kouty nad Desnou"]
[Date "2024.03.12"]
[Round "5.2"]
[White "Artamonov, Mikhail"]
[Black "Kolar, Edvard"]
[Result "1-0"]
[ECO "B50"]
[WhiteElo "1727"]
[BlackElo "1759"]
[Annotator "NA RC"]
[PlyCount "103"]
[EventDate "2024.03.10"]
[EventType "swiss"]
[EventCountry "CZE"]
[SourceTitle "playchess.com"]
[Source "ChessBase"]
[SourceQuality "1"]
[TimeControl "40/5400+30:1800+30"]

1. e4 c5 2. Nf3 d6 3. d3 Nc6 4. g3 e5 5. Bg2 g6 6. O-O Bg7 7. Nc3 Nge7 8. Nd2 O-O 9. Nc4 a6 10. a4 f5 11. f4 Be6 12. Nd5 Rb8 13. a5 Bxd5 14. exd5 Nd4 15. Re1 Re8 16. c3 Nb5 17. fxe5 dxe5 18. Nxe5 Nxd5 19. Bg5 Qd6 20. c4 Nb4 21. cxb5 Bxe5 22. Qb3+ Kh8 23. Kh1 Nxd3 24. Re2 Bg7 25. Rd2 c4 26. Qxc4 Ne5 27. Qb3 Qe6 28. Bd5 Qc8 29. Rc2 Qd7 30. b6 Rbc8 31. Rxc8 Rxc8 32. Rd1 Qe8 33. Bxb7 Rb8 34. Qd5 Ng4 35. Qf3 Rxb7 36. Rd8 Rb8 37. Rxe8+ Rxe8 38. h3 Ne5 39. Qe2 h6 40. Bd2 Rd8 41. Bc3 Nc6 42. Qf3 Ne5 43. Qb7 g5 44. Qe7 Rd5 45. b7 f4 46. b8=Q+ Kh7 47. Qbxe5 Rd1+ 48. Be1 Rxe1+ 49. Qxe1 f3 50. Q1e4+ Kh8 51. Qe8+ Bf8 52. Qxf8# 1-0

[Event "Czech Youth U12 Boys 2024"]
[Site "Kouty nad Desnou"]
[Date "2024.03.12"]
[Round "5.3"]
[White "Velim, Vojtech"]
[Black "Zrust, Lukas"]
[Result "1/2-1/2"]
[ECO "A04"]
[WhiteElo "1889"]
[BlackElo "1893"]
[Annotator "NA RC"]
[PlyCount "129"]
[EventDate "2024.03.10"]
[EventType "swiss"]
[EventCountry "CZE"]
[SourceTitle "playchess.com"]
[Source "ChessBase"]
[SourceQuality "1"]
[TimeControl "40/5400+30:1800+30"]

1. Nf3 g6 2. c4 Bg7 3. Nc3 d6 4. e4 e5 5. d4 exd4 6. Nxd4 Nf6 7. Be2 O-O 8. Be3 a5 {[%emt 0:02:14] E92: King's Indian: Classical: 6 Be2 e5: 7 dxe5, 7 Be3 and Petrosian System without 7...Nbd7.} 9. f3 c6 10. O-O Re8 11. Nc2 (11. Qd2 $142) 11... Na6 12. Qd2 Qe7 (12... Bf8 $14 {feels stronger.}) 13. Rfd1 ({White should try} 13. Bf4 $16) 13... Nb4 14. a3 Nxc2 15. Qxc2 Rd8 (15... Nd7 $11) 16. Bb6 Re8 17. Bf2 Nh5 18. Qd2 Rd8 ({Black should play} 18... Be5 $14) 19. Bd4 ({White should try} 19. Bb6 $16) 19... Bxd4+ 20. Qxd4 Ng7 21. b4 axb4 22. axb4 Rxa1 23. Rxa1 f5 24. Rd1 fxe4 25. Nxe4 Nf5 26. Qf6 (26. Qd2 $14) 26... Qxf6 27. Nxf6+ Kg7 28. Ne4 d5 29. cxd5 cxd5 30. Kf2 d4 (30... b6 $11 {feels stronger.}) 31. Bd3 Nd6 32. Rc1 Nxe4+ 33. Bxe4 b6 34. Rc7+ Kh6 {[%emt 0:00:40] [#]} (34... Kf6 $16) 35. Bd3 (35. Ke2 $1 $18) 35... Bf5 36. Bxf5 gxf5 37. Rc6+ Kg5 38. g3 d3 39. Ke1 f4 (39... d2+ $14 40. Kd1 Rd3 (40... b5 41. h4+ Kh5 42. Rc5 $14)) 40. g4 d2+ 41. Kd1 Rd3 42. Rxb6 Rxf3 43. Kxd2 Rf2+ 44. Ke1 $2 (44. Kd3 $11) 44... Rxh2 45. b5 Kxg4 46. Rf6 Rb2 47. Rh6 $19 Rb1+ 48. Kf2 Rb2+ 49. Kf1 Kg3 50. Rxh7 Rb1+ 51. Ke2 f3+ 52. Ke3 Re1+ 53. Kd4 f2 54. Rg7+ Kf3 55. Rf7+ Ke2 56. Kc5 Rc1+ 57. Kd6 Rd1+ 58. Kc5 f1=Q 59. Rxf1 Rxf1 60. b6 Rf5+ 61. Kc6 Rf6+ 62. Kc7 Kd3 63. b7 Rf7+ 64. Kc8 Rxb7 65. Kxb7 1/2-1/2

[Event "Czech Youth U12 Boys 2024"]
[Site "Kouty nad Desnou"]
[Date "2024.03.12"]
[Round "5.4"]
[White "Sochor, Vaclav"]
[Black "Kroulik, Stepan"]
[Result "1/2-1/2"]
[ECO "B21"]
[WhiteElo "1826"]
[BlackElo "1683"]
[Annotator "NA RC"]
[PlyCount "62"]
[EventDate "2024.03.10"]
[EventType "swiss"]
[EventCountry "CZE"]
[SourceTitle "playchess.com"]
[Source "ChessBase"]
[SourceQuality "1"]
[TimeControl "40/5400+30:1800+30"]

1. e4 c5 2. d4 cxd4 3. c3 dxc3 4. Nxc3 Nc6 5. Nf3 a6 6. Bc4 e6 7. O-O Nge7 8. Qe2 Ng6 9. Rd1 Be7 10. a4 O-O {[%emt 0:00:39] B21: Sicilian: 2 f4 and Morra Gambit.} 11. h3 Qc7 12. Be3 Rd8 13. Rac1 Qb8 14. Bb3 (14. Bb6 $15) 14... b6 15. Ne1 Bc5 16. Nd3 Nd4 17. Bxd4 Bxd4 18. Nb4 Bxc3 (18... Bf6 $17 19. g3 b5 20. axb5 Be7) 19. Nc6 $1 Qf4 $1 (19... dxc6 $2 {perishes.} 20. Rxd8+ Nf8 21. bxc3 $18 (21. Rxc3 Qc7 $18)) ({But not} 19... Nf4 $2 20. Qf3 Be5 21. Nxb8 Rxb8 22. h4 $18) 20. Rxc3 Re8 21. Rf3 Qg5 22. Nb4 Nf4 23. Qf1 Bb7 24. g3 e5 {[%emt 0:16:02] [#]} 25. Bd5 $2 ({Better is} 25. Bxf7+ $1 $16 Kxf7 26. Rxd7+ Kg8 (26... Re7 27. Qc4+ Kf8 28. Rxe7 $18) 27. Rxb7) 25... Bxd5 26. Nxd5 Nxd5 27. Rxd5 Qe7 28. Qd3 Ra7 {[%emt 0:00:43] [#]} (28... Red8 $14) 29. Rf5 (29. Qb3 $1 $16 Raa8 30. Qxb6) 29... f6 $11 30. Qb3 Qe6 31. Qd3 Rc8 1/2-1/2

[Event "Czech Youth U12 Boys 2024"]
[Site "Kouty nad Desnou"]
[Date "2024.03.12"]
[Round "5.5"]
[White "Sotek, Matej"]
[Black "Kala, Jakub"]
[Result "0-1"]
[ECO "B12"]
[WhiteElo "1716"]
[BlackElo "1750"]
[Annotator "NA RC"]
[PlyCount "108"]
[EventDate "2024.03.10"]
[EventType "swiss"]
[EventCountry "CZE"]
[SourceTitle "playchess.com"]
[Source "ChessBase"]
[SourceQuality "1"]
[TimeControl "40/5400+30:1800+30"]

1. e4 c6 2. d4 d5 3. f3 Qb6 4. c3 e5 5. Qb3 Qxb3 6. axb3 dxe4 7. fxe4 Nf6 8. Bd3 exd4 9. cxd4 Be6 10. Nd2 Bb4 11. Ngf3 Bxb3 12. O-O Be6 13. Ng5 Nbd7 14. e5 Ng4 15. h3 Ne3 16. Rf3 Bxd2 17. Bxd2 Nc4 18. Nxe6 Nxd2 19. Nc7+ Ke7 20. Nxa8 Nxf3+ 21. gxf3 Rxa8 22. f4 h6 23. Kf2 f6 24. Rg1 g5 25. h4 gxf4 26. Rg7+ Ke6 27. Bc4+ Kf5 28. e6 Nb6 29. Bb3 Nd5 30. Rxb7 Kxe6 31. Rh7 Rb8 32. Bxd5+ Kxd5 33. Rxh6 Rxb2+ 34. Kf3 Kxd4 35. Rxf6 c5 36. Rxf4+ Kc3 37. Ra4 Rb7 38. Ra3+ Kb2 39. Ra4 Kb3 40. Ra1 Rg7 41. Ke3 c4 42. Rb1+ Kc2 43. Rb5 c3 44. h5 Kc1 45. Kd3 c2 46. h6 Rd7+ 47. Ke2 Re7+ 48. Kf2 Rh7 49. Rh5 Rxh6 50. Rxh6 Kb1 51. Rh1+ c1=Q 52. Rxc1+ Kxc1 53. Ke3 a5 54. Kd4 Kb2 0-1

[Event "Czech Youth U12 Boys 2024"]
[Site "Kouty nad Desnou"]
[Date "2024.03.12"]
[Round "5.6"]
[White "Hladky, Mikulas"]
[Black "Havlik, David"]
[Result "1-0"]
[ECO "A09"]
[WhiteElo "1798"]
[BlackElo "1580"]
[Annotator "NA RC"]
[PlyCount "107"]
[EventDate "2024.03.10"]
[EventType "swiss"]
[EventCountry "CZE"]
[SourceTitle "playchess.com"]
[Source "ChessBase"]
[SourceQuality "1"]
[TimeControl "40/5400+30:1800+30"]

1. Nf3 d5 2. c4 d4 3. b4 f6 4. e3 e5 5. Qb3 Be6 6. Bb2 dxe3 7. dxe3 Nd7 8. Nc3 c5 9. b5 Ne7 10. Rd1 Qc7 11. Nd2 f5 12. Nd5 Nxd5 13. cxd5 Bf7 14. Nc4 Bd6 15. Qc3 Nf6 16. Nxd6+ Qxd6 17. Bc4 Nd7 18. h4 O-O-O 19. Bb3 Bh5 20. Rc1 f4 21. e4 Qg6 22. Qc4 b6 23. Rg1 Nf6 24. Bc2 Rhe8 25. a4 Bf3 26. gxf3 Qxg1+ 27. Ke2 Qg6 28. a5 Rd7 29. axb6 axb6 30. Ra1 Kd8 31. Ra8+ Ke7 32. Rxe8+ Kxe8 33. Bxe5 Nh5 34. d6 Qf7 35. Qxf7+ Kxf7 36. Bb3+ Ke8 37. Kd3 Ra7 38. Bb2 Nf6 39. e5 Nd7 40. Ke4 c4 41. Bxc4 Ra4 42. Kd5 Rb4 43. Bc3 Rb1 44. Bd4 Rd1 45. Ke4 Nc5+ 46. Bxc5 bxc5 47. Kf5 Rd4 48. Bg8 c4 49. Bxh7 c3 50. Ke6 Rd2 51. Bg6+ Kd8 52. b6 Rb2 53. Kf7 Rxf2 54. e6 1-0

[Event "Czech Youth U12 Boys 2024"]
[Site "Kouty nad Desnou"]
[Date "2024.03.12"]
[Round "5.7"]
[White "Frantsev, Iegor"]
[Black "Sudrich, Radek"]
[Result "1/2-1/2"]
[ECO "B23"]
[WhiteElo "1721"]
[BlackElo "1998"]
[Annotator "RC"]
[PlyCount "63"]
[EventDate "2024.03.10"]
[EventType "swiss"]
[EventCountry "CZE"]
[SourceTitle "playchess.com"]
[Source "ChessBase"]
[SourceQuality "1"]
[TimeControl "40/5400+30:1800+30"]

1. e4 c5 2. Nc3 e6 3. f4 Nc6 4. Nf3 Be7 5. Bb5 Nh6 6. d3 f5 7. Bxc6 bxc6 8. Ne5 O-O 9. O-O Nf7 10. Nxf7 Rxf7 11. b3 d5 12. Bb2 Ba6 13. exf5 exf5 14. Qf3 Qb6 15. Kh1 Raf8 16. Rae1 Bc8 17. Ne2 d4 18. a4 Be6 19. Ng3 Bd5 20. Qh5 g6 21. Qh3 Bf6 22. Ba3 Be7 23. Ne2 Bf6 24. Ng3 Be7 25. Ne2 Qc7 26. Ng3 Bd6 27. Qh6 Rc8 28. Qg5 Be7 29. Qh6 Bf8 30. Qg5 Be7 31. Qh6 Bf8 32. Qg5 1/2-1/2

[Event "Czech Youth U12 Boys 2024"]
[Site "Kouty nad Desnou"]
[Date "2024.03.12"]
[Round "5.8"]
[White "Bara, Jan"]
[Black "Krisica, Lukas"]
[Result "1-0"]
[ECO "A30"]
[WhiteElo "1852"]
[BlackElo "1531"]
[Annotator "NA RC"]
[PlyCount "45"]
[EventDate "2024.03.10"]
[EventType "swiss"]
[EventCountry "CZE"]
[SourceTitle "playchess.com"]
[Source "ChessBase"]
[SourceQuality "1"]
[TimeControl "40/5400+30:1800+30"]

1. c4 c5 2. g3 e6 3. Bg2 Nc6 4. Nc3 Nf6 5. Nf3 Be7 6. O-O O-O 7. b3 b6 8. d4 d5 9. dxc5 Bxc5 10. cxd5 Nxd5 11. Nxd5 Qxd5 12. Qxd5 exd5 13. Bb2 Ba6 14. Rfe1 Bb4 15. Rec1 Rac8 16. Bh3 f5 17. Rc2 Ne7 18. Rac1 Rc5 $16 19. a3 Rxc2 20. Rxc2 Bd6 21. Nd4 f4 22. Ne6 Rf6 23. Bxf6 1-0

[Event "Czech Youth U12 Boys 2024"]
[Site "Kouty nad Desnou"]
[Date "2024.03.12"]
[Round "5.9"]
[White "Gresek, Oskar"]
[Black "Malek, Daniel"]
[Result "1-0"]
[ECO "B12"]
[WhiteElo "1629"]
[BlackElo "2278"]
[Annotator "TA"]
[PlyCount "57"]
[EventDate "2024.03.10"]
[EventType "swiss"]
[EventCountry "CZE"]
[SourceTitle "playchess.com"]
[Source "ChessBase"]
[SourceQuality "1"]
[TimeControl "40/5400+30:1800+30"]

1. e4 c6 2. d4 d5 3. e5 Bf5 4. g4 Be4 5. f3 Bg6 6. h4 h5 7. e6 Qd6 8. exf7+ Bxf7 9. Ne2 {[%emt 0:07:57] Verhindert Qg3+} hxg4 10. fxg4 {[%emt 0:00:44] [#]} Nf6 (10... Nd7 $1 $17 {Zielt auf ...e5 ab.} 11. Nbc3 e5) 11. g5 (11. Bf4 $11 Qe6 12. g5) 11... Ne4 (11... Nh5 $1 $15) 12. c3 (12. Bf4 $11 e5 13. Bxe5 (13. dxe5 Qc5 $17)) 12... Bh5 13. Qd3 Nd7 {[%emt 0:03:44] Und jetzt ...e5 wäre schön.} 14. Nd2 Bxe2 $2 {[%emt 0:03:42] [#]} (14... Nxg5 $1 $17 {[%cal Oe7e5] Und ...e5! würde nun gewinnen.} 15. Qe3 Nf7) 15. Bxe2 $2 ({Weiss kommt nicht vorbei an} 15. Nxe4 $16 dxe4 16. Qxe2 (16. Kxe2 $2 {verliert.} exd3+ 17. Kf2 e5 $19) 16... Qg3+ 17. Qf2 Qxf2+ 18. Kxf2) 15... Qg3+ ({Vorzuziehen ist} 15... Nxg5 $15 16. Rg1 Nf7) 16. Qxg3 $11 Nxg3 {[%emt 0:00:10] Ein dynamisches Springerpaar.} 17. Rh3 Nxe2 18. Kxe2 O-O-O (18... g6 $11 {war vorzuziehen.}) 19. Nf3 $14 Re8 20. Bf4 Nb6 $2 {[%emt 0:03:23] Das Aus für Schwarz.} ({Besser ist} 20... e5 $14 21. dxe5 (21. Nxe5 Bd6 $14) 21... Bd6) 21. Ne5 $18 e6 22. b3 {[%emt 0:03:05] Schwarz muss nun h5 beachten.} Ba3 (22... Bd6 $142 23. Rf1 Rhg8) 23. Rf1 Nd7 24. b4 a5 25. Nf7 {[%emt 0:01:25] Verhindert axb4} axb4 26. Nxh8 Rxh8 27. cxb4 Bxb4 28. h5 g6 $2 (28... Be7 29. Bd2 Bd6) 29. hxg6 {[%emt 0:01:30] Gewichteter Fehlerwert: Weiß=0.47/Schwarz=0.99.  Verlustzug:     	---       	Schwarz=1     Fehler:       	Weiß=3     	Schwarz=7     Ungenau:       	Weiß=2     	Schwarz=2     OK:         	Weiß=8     	Schwarz=3     Bester:       	Weiß=2     	---} 1-0

[Event "Czech Youth U12 Boys 2024"]
[Site "Kouty nad Desnou"]
[Date "2024.03.12"]
[Round "5.10"]
[White "Novotny, Adam"]
[Black "Fadrny, Jachym"]
[Result "0-1"]
[ECO "C02"]
[WhiteElo "2072"]
[BlackElo "1729"]
[Annotator "RC"]
[PlyCount "154"]
[EventDate "2024.03.10"]
[EventType "swiss"]
[EventCountry "CZE"]
[SourceTitle "playchess.com"]
[Source "ChessBase"]
[SourceQuality "1"]
[TimeControl "40/5400+30:1800+30"]

1. e4 e6 2. d4 d5 3. e5 c5 4. c3 Nc6 5. Nf3 Bd7 6. a3 c4 7. Be2 Na5 8. Nbd2 Bc6 9. O-O Qd7 10. a4 Ne7 11. Qc2 Nc8 12. Bd1 Nb6 13. Qb1 Bxa4 14. Bxa4 Nxa4 15. Qa2 b5 16. b3 Nxb3 17. Nxb3 cxb3 18. Qxb3 Rc8 19. Bd2 Be7 20. Rab1 a6 21. Ne1 O-O 22. Nd3 Rc4 23. Nb2 Nxb2 24. Rxb2 Ra4 25. Ra2 Rxa2 26. Qxa2 Qc6 27. Qb3 Rc8 28. Ra1 Ra8 29. Rb1 Rb8 30. Ra1 Bd8 31. Qb4 a5 32. Qd6 Qxd6 33. exd6 Rc8 34. Rb1 Rb8 35. Kf1 g5 36. Ke2 Kf8 37. Bc1 Ke8 38. Ba3 Kd7 39. Kd3 f5 40. Rb2 Kc6 41. Rb1 a4 42. Bb4 Ra8 43. Ra1 Ba5 44. Bc5 Bb6 45. Bb4 Ba7 46. Ba3 Rd8 47. Rb1 Bb8 48. Re1 Re8 49. Rb1 Ba7 50. Rb2 Rb8 51. Rb1 Kd7 52. Rb2 Rb7 53. Rb1 Bb8 54. Bc1 h6 55. Ba3 Bxd6 56. Bxd6 Kxd6 57. Ra1 Re7 58. Rb1 Kc6 59. Re1 Kd6 60. Rb1 Rb7 61. Re1 Rb6 62. Re2 b4 63. cxb4 Rxb4 64. Ra2 e5 65. dxe5+ Kxe5 66. Re2+ Kd6 67. Rc2 a3 68. Ra2 Rb2 69. Rxa3 Rxf2 70. Ra6+ Ke5 71. Rxh6 Rxg2 72. Rh8 f4 73. Re8+ Kf5 74. Rd8 Rxh2 75. Rxd5+ Kg6 76. Rd6+ Kh5 77. Rd8 Kg4 0-1

[Event "Czech Youth U12 Boys 2024"]
[Site "Kouty nad Desnou"]
[Date "2024.03.12"]
[Round "5.11"]
[White "Zvolanek, Vojtech"]
[Black "Hanzel, Martin"]
[Result "0-1"]
[ECO "B40"]
[WhiteElo "1411"]
[BlackElo "1474"]
[Annotator "NA RC"]
[PlyCount "98"]
[EventDate "2024.03.10"]
[EventType "swiss"]
[EventCountry "CZE"]
[SourceTitle "playchess.com"]
[Source "ChessBase"]
[SourceQuality "1"]
[TimeControl "40/5400+30:1800+30"]

1. e4 c5 2. Nf3 e6 3. d4 cxd4 4. Nxd4 Nf6 5. Nc3 Nc6 6. Ndb5 Bb4 7. a3 Bxc3+ 8. bxc3 Nxe4 9. Bd3 Qa5 10. Bxe4 Qxb5 11. Bd3 Qe5+ 12. Be2 Qxc3+ 13. Bd2 Qe5 14. O-O O-O 15. Re1 d5 16. Bd3 Qd6 17. Bc3 e5 18. Qh5 e4 19. Be2 f5 20. Qg5 Qe7 21. Qd2 Qd6 22. Rad1 Rd8 23. Qc1 Qc5 24. Qa1 d4 25. Qa2+ Kh8 26. Ba1 Rd6 27. Qb2 b6 28. Rd2 a6 29. Red1 Be6 30. Qb1 Bc4 31. Bxc4 Qxc4 32. Qxb6 d3 33. Qc7 Rg6 34. cxd3 exd3 35. Rxd3 Re8 36. Rd6 Qe4 37. f3 Qe2 38. R6d2 Qxf3 39. Qd7 Qe3+ 40. Kf1 Rg4 41. Qxc6 Rf4+ 42. Qf3 Rxf3+ 43. gxf3 Qxf3+ 44. Kg1 Qxa3 45. Rd8 Qc5+ 46. Kf1 Qb5+ 47. Kg1 Qb6+ 48. R8d4 Re4 49. Rc1 Rxd4 0-1

[Event "Czech Youth U12 Boys 2024"]
[Site "Kouty nad Desnou"]
[Date "2024.03.12"]
[Round "5.12"]
[White "Broz, Pavel"]
[Black "Sochor, Antonin"]
[Result "0-1"]
[ECO "B00"]
[WhiteElo "1911"]
[BlackElo "1779"]
[Annotator "RC"]
[PlyCount "84"]
[EventDate "2024.03.10"]
[EventType "swiss"]
[EventCountry "CZE"]
[SourceTitle "playchess.com"]
[Source "ChessBase"]
[SourceQuality "1"]
[TimeControl "40/5400+30:1800+30"]

1. e4 d6 2. d4 Nd7 3. Nf3 e5 4. Bc4 h6 5. O-O Ngf6 6. Nc3 c6 7. dxe5 dxe5 8. Be3 Be7 9. Qd2 b5 10. Bb3 Qc7 11. Rad1 Bb7 12. h3 a5 13. a3 Rd8 14. Qe2 O-O 15. Rd2 Ba6 16. Rfd1 Qb7 17. Qe1 b4 18. axb4 axb4 19. Ne2 Nxe4 20. Rxd7 Rxd7 21. Rxd7 Qxd7 22. Nxe5 Qc7 23. Ng6 Rd8 24. Nef4 Bd6 25. f3 Nf6 26. Qf2 c5 27. g3 Kh7 28. Nd5 Nxd5 29. Bxd5 fxg6 30. f4 Bb7 31. Bc4 Qc6 32. Kf1 Bc7 33. Bd3 c4 34. Be2 b3 35. cxb3 cxb3 36. f5 Ra8 37. fxg6+ Kh8 38. Bd1 Qh1+ 39. Ke2 Ba6+ 40. Kd2 Ba5+ 41. Kc1 Rc8+ 42. Bc5 Bb4 0-1